 Dungeon Crawl Stone Soup version 0.32-a0-361-g289a535e89 (webtiles) character file.

Game seed: 12646106197247507205

366 Sobieck the Slasher (level 6, -1/48 HPs)
             Began as a Coglin Gladiator on Feb 18, 2024.
             Was a Believer of Beogh.
             Slain by an ogre
             ... wielding a +0 giant spiked club
              (27 damage)
             ... on level 4 of the Dungeon.
             The game lasted 00:03:05 (2564 turns).

Sobieck the Slasher (Coglin Gladiator)              Turns: 2564, Time: 00:03:05

Health: -1/48      AC:  4    Str: 14    XL:     6   Next: 68%
Magic:  6/6        EV: 13    Int:  7    God:    Beogh [**....]
Gold:   190        SH:  0    Dex: 18    Spells: 5/5 levels left

rFire   . . .        a - +0 long sword {Yejun}
rCold   . . .        e - +0 short sword {Eunwoo}
rNeg    . . .        b - +0 leather armour
rPois   .            c - +0 helmet
rElec   .            (no cloak)
rCorr   .            (no gloves)
SInv    .            (no boots)
Will    .....        (no amulet)
Stlth   +            (no ring)
HPRegen 0.28/turn    (no ring)
MPRegen 0.10/turn

%: no passive effects
@: revved, stiff-legged, very slow
A: off-hand wielding, slow wielding, warmup strikes, warmup strides
a: Renounce Religion, Smiting


You were on level 4 of the Dungeon.
You worshipped Beogh.
Beogh was pleased with you.
You visited 1 branch of the dungeon, and saw 4 of its levels.

You collected 190 gold pieces.

Inventory:

Hand Weapons
 a - a +0 long sword (weapon) {Yejun}
 e - a +0 short sword (worn) {Eunwoo}
Missiles
 j - 44 stones
 t - 2 boomerangs
 v - a javelin (quivered)
 Z - 3 throwing nets
Armour
 b - a +0 leather armour (worn)
 c - a +0 helmet (worn)
 h - a +0 pair of boots
Scrolls
 d - a scroll of revelation {unknown}
 f - 4 scrolls of noise {unknown}
 g - 8 scrolls of teleportation {unknown}
 i - 3 scrolls of identify {unknown}
 m - a scroll of immolation {unknown}
 n - a scroll of vulnerability {unknown}
 o - a scroll of torment {unknown}
 x - a scroll of amnesia {unknown}
 y - a scroll of fear {unknown}
Potions
 k - a potion of heal wounds {unknown}
 l - 2 potions of curing {unknown}
 p - a potion of resistance {unknown}
 q - a potion of enlightenment {unknown}
 r - a potion of mutation {unknown}
 s - a potion of brilliance {unknown}
 u - a potion of cancellation {unknown}
 w - 3 potions of invisibility {unknown}
 z - a potion of ambrosia {unknown}


   Skills:
 + Level 3.7 Fighting
 * Level 5.6 Long Blades
 - Level 1.7 Throwing
 + Level 4.0 Dodging


You had 5 spell levels left.
You didn't know any spells.
Your spell library contained the following spells:

 Spells                   Type           Power      Damage    Failure   Level
 Shock                    Conj/Air       0%         1d3       52%         1
 Mercury Vapours          Alch/Air       0%         N/A       65%         2
 Mephitic Cloud           Conj/Alch/Air  0%         N/A       87%         3
 Swiftness                Air            0%         N/A       87%         3
 Airstrike                Air            0%         2d(0-16)  99%         4
 Freezing Cloud           Conj/Ice/Air   0%         6-21      100%        5


Dungeon Overview and Level Annotations

Branches:
Dungeon (4/15)             Temple (0/1) D:4

Altars:
Fedhas
Yredelemnul
The Shining One
Beogh

Annotations:
D:2 1 runed translucent door, Crazy Yiuf


Innate Abilities, Weirdness & Mutations

Your facial features look somewhat orcish.
You can wield a second weapon in your off-hand.
It takes a long time for you to wield or remove held weapons.
Your first few attacks do less damage.
Your first movements take longer.


Message History

Beogh accepts your kill.
You can now smite your foes.
Your teeth grow more tusk-like, and your ears lengthen.
No target in view!
You now have 175 gold pieces (gained 3).
You open the door.
There is an open door here.
There is an open door here.
You now have 190 gold pieces (gained 15).
You open the large door.
A phantom and an ogre come into view.
The ogre shouts!
A quokka comes into view.
Found 94 gold pieces and a scroll labelled DEL ZATROVEIBO.
There are monsters nearby!
A dart slug and a goblin come into view.
There is a large open door here.
Unknown command.
The goblin shouts!
Found a basalt altar of Yredelemnul.
Unknown command.
You hit the phantom with your +0 short sword.
The phantom is lightly damaged.
You slash the phantom with your +0 long sword!
The phantom hits you.
You slash the phantom with your +0 long sword!
The phantom is almost destroyed.
You hit the phantom with your +0 short sword.
The phantom hits you.
The phantom blinks!
You blink.
You slash the phantom with your +0 long sword!
You destroy the phantom!
Beogh accepts your kill.
Your Dodging skill increases to level 4!
The ogre barely misses you.
You barely miss the ogre with your +0 long sword.
You hit the ogre with your +0 short sword.
You hit the ogre with your +0 short sword.
The ogre is moderately wounded.
You hit the ogre with your +0 long sword.
The ogre hits you with a +0 giant spiked club!
* * * LOW HITPOINT WARNING * * *
You are too injured to fight recklessly!
You are too injured to fight recklessly!
You are too injured to fight recklessly!
Unknown command.
You hit the ogre with your +0 long sword.
The ogre is severely wounded.
You hit the ogre with your +0 short sword.
The ogre hits you with a +0 giant spiked club!!
Ouch! That really hurt!
You die...

#.............##....#
#..............##'O#
#...............#..#..
.......................
##########....##...#####
#########.g...##...##
........g#..........#
.≈≈≈§§≈≈O#..........#
≈..≈§≈.@§#..........#
≈.§...≈.≈#..........#
≈.≈._.≈.§#..........#
≈.≈...≈.≈#..........#
§..§§≈.^≈#..........#
.≈≈≈≈≈≈≈.#....##...##
.........#....##...#
#########..... .... .


You could see an ogre and a goblin.

Vanquished Creatures
  A phantom (D:4)
  A crimson imp (D:3)
  A bombardier beetle (D:3)
  A hound (D:4)
  4 adders
  2 ribbon worms (D:2)
  A dart slug (D:1)
  6 orcs
  9 endoplasms
  2 giant cockroaches (D:3)
  4 goblins
  8 hobgoblins
  10 jackals
  3 quokkas
  6 ball pythons
  2 bats
  3 frilled lizards
  2 goblin skeletons (D:3)
  2 goblin zombies (D:3)
  3 hobgoblin zombies (D:3)
  8 kobolds
  A kobold skeleton (D:3)
  2 kobold zombies (D:3)
  An orc zombie (D:3)
  7 rats
90 creatures vanquished.

Notes
Turn   | Place    | Note
-------+----------+-------------------------------------------
     0 | D:1      | Sobieck the Coglin Gladiator began the quest for the Orb.
     0 | D:1      | Reached XP level 1. HP: 16/16 MP: 1/1
    63 | D:1      | Reached XP level 2. HP: 22/22 MP: 2/2
   413 | D:1      | Reached skill level 3 in Dodging
   413 | D:1      | Reached XP level 3. HP: 28/28 MP: 3/3
  1062 | D:2      | Reached skill level 4 in Long Blades
  1062 | D:2      | Reached XP level 4. HP: 29/34 MP: 4/4
  1418 | D:2      | Found a runed translucent door.
  1419 | D:2      | Noticed Crazy Yiuf
  1641 | D:3      | Found a blossoming altar of Fedhas.
  1723 | D:3      | Found a glowing golden altar of the Shining One.
  1742 | D:3      | Reached skill level 3 in Fighting
  1748 | D:3      | Reached XP level 5. HP: 32/41 MP: 5/5
  1933 | D:3      | Found a faded altar of an unknown god.
  1950 | D:3      | Prayed at the altar of an unknown god.
  1950 | D:3      | Became a worshipper of Beogh the Shepherd
  1950 | D:3      | Reached * piety under Beogh
  2072 | D:3      | Reached skill level 5 in Long Blades
  2072 | D:3      | Reached XP level 6. HP: 20/47 MP: 6/6
  2343 | D:4      | Found a staircase to the Ecumenical Temple.
  2488 | D:4      | Reached ** piety under Beogh
  2553 | D:4      | Found a basalt altar of Yredelemnul.
  2564 | D:4      | Slain by an ogre

Illustrated notes

Levels and vault maps discovered:
D:1:      lightli_arrival_lavapool, layout_basic
D:2:      layout_loops_corners, uniq_crazy_yiuf_cottage
D:3:      layout_basic, nicolae_tso_besieged_by_evil,
          mainiacjoe_overflow_24_doors, hellmonk_ecumenical_altar_dog_temple,
          ebering_dispersal_statue_hall, minivault_24, minmay_misc_feat_pillars,
          kennysheep_nondescript
D:4:      minmay_polygon_palace, layout_gridville, mainiacjoe_overflow_paths,
          minmay_temple_entry_stoned_glass, kennysheep_generic_room_15

Skill      XL: |  1  2  3  4  5  6 |
---------------+-------------------+-----
Dodging        | 3 4 |  4.0
Long Blades    | 4 5 |  5.6
Fighting       | 3 |  3.7
Throwing       | |  1.7

Action                     |  1- 3 |  4- 6 || total
---------------------------+-------+-------++-------
  Melee: Long sword        |    57 |   117 ||   174
         Short sword       |    36 |    93 ||   129
   Stab: Sleeping          |     4 |     4 ||     8
         Distracted        |       |     1 ||     1
 Armour: Leather armour    |    23 |    58 ||    81
  Dodge: Dodged            |    21 |    62 ||    83

Table legend: (Time is in decaauts)
 A = Elapsed time spent in this place.
 B = Non-inter-level travel time spent in this place.
 C = Inter-level travel time spent in this place.
 D = Time resting spent in this place.
 E = Time spent auto-exploring this place.
 F = Levels seen in this place.
 G = Mean time per level.
                   A        B        C        D        E       F      G
               +--------+--------+--------+--------+--------+-----+--------+
         Total |   2733 |   2667 |     66 |     35 |   2115 |   4 |  683.2 |
       Dungeon |   2733 |   2667 |     66 |     35 |   2115 |   4 |  683.2 |
               +--------+--------+--------+--------+--------+-----+--------+

Top non-repeatable levels by time:
     D:2: 1054 daAuts
     D:3: 798 daAuts
     D:1: 613 daAuts
     D:4: 267 daAuts
